AoeStats
← [DDocs] ☣ Rapidler™ ☣

Arabia

507096908Analyzed
3v3 RM · 15d ago on Sep 16, 2026· 29m 53s· 6 players
Game mode
Random Map
Map size
Normal (6 player)
Population
200
Speed
Normal
Resources
Standard
Victory
Conquest
Starting age
Dark Age
Ending age
Imperial Age
RankedLock teamsTeams togetherTeam positionsShared explorationLock speedFull tech treeHidden civsTurbo modeCheats
Victory
Defeat
🇨🇿 Franks · Czechia
1681
+9
🇧🇷 Shu · Brazil
1572
+13
🇩🇪 Malians · Germany
1526
+14
1538
-13
🇩🇪 Vikings · Germany
1511
-12
🇦🇹 Wu · Austria
1475
-11
SSx_SnowwW
6:41 Loom
9:19 Feudal Age
10:04 Double-Bit Axe
12:23 Fletching
16:45 Padded Archer Armor
22:07 Castle Age
20:17 Horse Collar
21:41 Gold Mining
22:17 Crossbowman
23:25 Bow Saw
23:12 Bodkin Arrow
24:47 Town Watch
25:38 Wheelbarrow
26:20 Ballistics
27:43 Thumb Ring
EatEaty
5:09 Loom
9:03 Feudal Age
10:56 Double-Bit Axe
13:53 Fletching
17:30 Padded Archer Armor
19:51 Gold Mining
22:58 Castle Age
20:44 Horse Collar
20:57 Gold Mining
23:02 Crossbowman
24:00 Bodkin Arrow
24:45 Bow Saw
26:52 Wheelbarrow
Dvnielsiii
8:49 Feudal Age
8:09 Loom
9:29 Double-Bit Axe
15:03 Scale Barding Armor
16:01 Forging
17:55 Town Watch
20:55 Wheelbarrow
23:34 Castle Age
22:12 Gold Mining
25:39 Iron Casting
25:42 Bow Saw
25:38 Husbandry
24:59 Light Cavalry
27:35 Chain Barding Armor
30:48 Hand Cart
[DDocs] Dr.Klappstuhl
6:51 Loom
8:58 Feudal Age
10:18 Double-Bit Axe
11:00 Horse Collar
17:10 Town Watch
21:56 Castle Age
22:55 Scale Barding Armor
22:17 Light Cavalry
23:30 Bow Saw
23:20 Heavy Plow
27:27 Chain Barding Armor
29:09 Fletching
[DDocs] ☣ Rapidler™ ☣
7:09 Loom
9:24 Feudal Age
9:54 Double-Bit Axe
13:33 Fletching
14:23 Horse Collar
26:54 Castle Age
25:00 Gold Mining
25:31 Padded Archer Armor
26:57 Crossbowman
27:44 Bodkin Arrow
29:03 Leather Archer Armor
30:11 Wheelbarrow
[DDocs] Dr.Rollstuhl - Twitch
9:30 Feudal Age
9:00 Loom
10:13 Double-Bit Axe
19:03 Fletching
19:13 Padded Archer Armor
23:09 Wheelbarrow
23:09 Scale Barding Armor
26:05 Castle Age
24:58 Bloodlines
25:57 Forging
28:33 Chain Barding Armor
Connection lost

Rejoining the realm…

Still unreachable

The connection could not be restored.

Session expired

The server has moved on; the page needs a fresh start.